 Dungeon Crawl Stone Soup version 0.24.1-8-ga250c9d538 (webtiles) character file.

Game seed: 2678439525401994396, levelgen mode: deterministic

122 Ascillia the Skirmisher (level 5, -5/50 HPs)
             Began as a Naga Berserker on May 6, 2020.
             Was a Believer of Trog.
             Slain by an iguana (8 damage)
             ... on level 3 of the Dungeon.
             The game lasted 00:16:59 (2625 turns).

Ascillia the Skirmisher (Naga Berserker)            Turns: 2625, Time: 00:17:00

Health: -5/50      AC:  2    Str: 19 (21) XL:     5   Next: 6%
Magic:  5/5        EV: 10    Int:  5 (7)  God:    Trog [**....]
Gold:   139        SH:  0    Dex:  8 (10) Spells: 4/4 levels left

rFire    . . .     SeeInvis +   a - +0 mace
rCold    . . .     Gourm    .   (no shield)
rNeg     . . .     Faith    .   b - +0 animal skin
rPois    +         Spirit   .   (no helmet)
rElec    .         Reflect  .   (no cloak)
rCorr    .         Harm     .   (no gloves)
MR       .....                  (no barding)
Stlth    +.........             (no amulet)
HPRegen  0.16/turn              (no ring)
MPRegen  0.09/turn              (no ring)

@: very slow
A: large, see invisible, deformed body, poison resistance, slowness 2, slow
metabolism 1, spit poison 1, AC +1
a: Spit Poison, Berserk, Trog's Hand, Renounce Religion


You were on level 3 of the Dungeon.
You worshipped Trog.
Trog was pleased with you.
You were not hungry.

You visited 1 branch of the dungeon, and saw 3 of its levels.

You collected 139 gold pieces.

Inventory:

Hand Weapons
 a - a +0 mace (weapon)
Armour
 b - a +0 animal skin (worn)
Jewellery
 e - an uncursed ring of positive energy {unknown}
Scrolls
 f - a scroll of remove curse {unknown}
 g - 4 scrolls of identify {unknown}
 h - a scroll of enchant armour {unknown}
 l - a scroll of immolation {unknown}
Potions
 c - a potion of might {unknown}
 d - a potion of berserk rage


   Skills:
 * Level 3.8 Fighting
 * Level 3.8 Maces & Flails
 * Level 2.4 Armour
 * Level 2.4 Dodging


You had 4 spell levels left.
You didn't know any spells.
Your spell library was empty.

Dungeon Overview and Level Annotations

Branches:
Dungeon (3/15)

Altars:
Ashenzari
Dithmenos
Nemelex Xobeh
Qazlal
Yredelemnul


Innate Abilities, Weirdness & Mutations

You cannot wear boots.
Your serpentine skin is tough. (AC +1)
You have supernaturally acute eyesight. (SInv)
Armour fits poorly on your strangely shaped body.
Your system is resistant to poisons. (rPois)
You cover ground very slowly.
You have a slow metabolism.
You can spit poison.


Message History

The iguana is moderately wounded.
The iguana bites you.
You hit the iguana.
The iguana is severely wounded.
The iguana bites you!
You are too injured to fight recklessly!
You are too injured to fight recklessly!
You are too injured to fight recklessly!
You are too injured to fight recklessly!
You are too injured to fight recklessly!
You barely miss the iguana.
The iguana is severely wounded.
The iguana bites you!
* * * LOW HITPOINT WARNING * * *
You completely miss the iguana.
The iguana is severely wounded.
The iguana bites you!
* * * LOW HITPOINT WARNING * * *
You fail to use your ability.
The iguana bites you!
You die...

### # ##. .. .# ..
##.##.# #. #.....##
#.######.#.#..##
#.>..##.l......#
#####.#.##.@#.#....
#.......##..?......
#.......+........
##....###........
###.#.#
##.........#..
#(....#
#.....##.#.#
#.#.### #...###.#.#
#.#.#.#### #+##
#.#.# #.#.#....#
#.#.# #


You could see an iguana.

Vanquished Creatures
  Jessica (D:2)
  4 adders
  4 worms
  5 dart slugs
  A leopard gecko (D:2)
  2 giant cockroaches
  6 goblins
  2 hobgoblins (D:1)
  2 jackals (D:3)
  2 kobolds (D:1)
  5 bats
  4 frilled lizards
  6 rats
44 creatures vanquished.

Vanquished Creatures (others)
  2 fungi (D:2)
  2 plants (D:2)
4 creatures vanquished.

Grand Total: 48 creatures vanquished

Notes
Turn   | Place    | Note
-------+----------+-------------------------------------------
     0 | D:1      | Ascillia the Naga Berserker began the quest for the Orb.
     0 | D:1      | Reached XP level 1. HP: 21/21 MP: 1/1
   214 | D:1      | Reached XP level 2. HP: 28/28 MP: 2/2
   810 | D:2      | Reached XP level 3. HP: 19/34 MP: 3/3
  1094 | D:2      | Found a shattered altar of Ashenzari.
  1098 | D:2      | Saw a vision of the Swamp and the Spider Nest.
  1098 | D:2      | Noticed a bullfrog
  1098 | D:2      | Noticed an alligator
  1098 | D:2      | Noticed a swamp drake
  1098 | D:2      | Noticed an alligator
  1098 | D:2      | Noticed an alligator
  1098 | D:2      | Noticed a wolf spider
  1098 | D:2      | Noticed a swamp drake
  1098 | D:2      | Noticed a redback
  1098 | D:2      | Noticed a swamp drake
  1098 | D:2      | Noticed a redback
  1099 | D:2      | Noticed a swamp drake
  1099 | D:2      | Noticed a redback
  1101 | D:2      | Noticed a scorpion
  1102 | D:2      | Noticed a scorpion
  1355 | D:2      | Found a basalt altar of Yredelemnul.
  1359 | D:2      | Found a shattered altar of Ashenzari.
  1359 | D:2      | Found a stormy altar of Qazlal.
  1359 | D:2      | Found a sparkling altar of Nemelex Xobeh.
  1360 | D:2      | Found a shadowy altar of Dithmenos.
  1368 | D:2      | Reached XP level 4. HP: 32/42 MP: 4/4
  1518 | D:2      | Noticed Jessica
  1521 | D:2      | Killed Jessica
  1683 | D:3      | Reached ** piety under Trog
  1963 | D:3      | Reached XP level 5. HP: 42/50 MP: 5/5
  2624 | D:3      | HP: 2/50 [iguana (8)]
  2625 | D:3      | Slain by an iguana

Levels and vault maps discovered:
D:1:      evilmike_arrival_rings, layout_rooms, chequers_serial_rivers_small_b,
          corexii_leaking_fountain
D:2:      layout_loops_corners, grunt_temple_overflow_open,
          grunt_ashenzari_visionary [grunt_ashenzari_visionary_swamp,
          grunt_ashenzari_visionary_spider], uniq_jessica
D:3:      kennysheep_the_goblin_king, layout_loops_corners,
          serial_co_window_serial, co_window_paths_b, co_window_paths_a,
          co_window_paths_a, co_window_corner_a, co_window_paths_a,
          co_window_paths_a, co_window_corner_a, co_window_unsneaky_path_e,
          co_window_paths_c, co_window_broadway_b, co_window_broadway_a,
          co_window_of_opportunity_b, glass_columns_a, glass_columns_c,
          minivault_24

Skill      XL: |  1  2 |
---------------+-------+-----
Armour         | 2 |  2.4
Dodging        | 2 |  2.4
Fighting       | |  3.8
Maces & Flails | |  3.8

Action                   |  1- 3 |  4- 6 || total
-------------------------+-------+-------++-------
Melee: Mace              |   107 |    71 ||   178
Invok: Trog's Hand       |       |     1 ||     1
       Berserk           |       |     1 ||     1
 Abil: Spit Poison       |       |     1 ||     1
  Use: Potion            |     5 |       ||     5
  Eat: Ration            |     2 |       ||     2
Armor: Animal skin       |    29 |    13 ||    42
Dodge: Dodged            |    64 |    34 ||    98
